 Dungeon Crawl Stone Soup version 0.25.1-1-g288607f (webtiles) character file.

Game seed: 14395586516155749270

53263 bonscott the Martial Artist (level 14, -3/88 HPs)
             Began as a Vampire Assassin on Oct 3, 2020.
             Was the Champion of Makhleb.
             Slain by a freezing wraith (5 damage)
             ... on level 12 of the Dungeon on Oct 4, 2020.
             The game lasted 02:29:08 (23504 turns).

bonscott the Martial Artist (Vampire Assassin)     Turns: 23504, Time: 02:29:09

Health: -3/88      AC: 14    Str: 20    XL:     14   Next: 30%
Magic:  0/22       EV: 12    Int: 13    God:    Makhleb [******]
Gold:   1068       SH:  6    Dex: 17    Spells: 5/24 levels left

rFire    . . .     SeeInvis +     - Unarmed
rCold    + + .     Gourm    .   V - +0 buckler
rNeg     + + +     Faith    .   m - +0 acid dragon scales
rPois    ∞         Spirit   +   B - +1 hat {MR+}
rElec    .         Reflect  .   L - +0 cloak
rCorr    +         Harm     .   (no gloves)
MR       +++..                  U - +2 pair of boots {run}
Stlth    +++++.....             k - amulet of guardian spirit
HPRegen  0.00/turn              Z - ring of protection from magic
MPRegen  0.18/turn              w - +6 ring of strength

@: mighty, bloodless, slowed, very slow
A: no food, fangs 3, see invisible, unbreathing
a: Bat Form, Revivify, Minor Destruction, Lesser Servant of Makhleb, Major
Destruction, Greater Servant of Makhleb, Renounce Religion


You were on level 12 of the Dungeon.
You worshipped Makhleb.
Makhleb was exalted by your worship.
You were bloodless.

You visited 3 branches of the dungeon, and saw 19 of its levels.
You visited the Abyss 1 time.
You also visited: Bailey.

You collected 2471 gold pieces.
You spent 1403 gold pieces at shops.

Inventory:

Hand Weapons
 a - the +7 dagger "Ucuklikh" {drain, +Fly rElec rC+ Str+2}
   (You found it on level 8 of the Dungeon)

   A truly terrible weapon, it drains the life of those it strikes.
   It affects your strength (+2).
   It protects you from cold.
   It insulates you from electricity.
   It lets you fly.
 b - a +1 scimitar of flaming
 c - a +2 fustibalus of flaming
Missiles
 d - 54 poisoned darts (quivered)
 e - 2 curare-tipped darts
 f - 6 silver boomerangs
 p - 85 sling bullets
 r - 71 boomerangs
 y - 132 bolts
 F - 325 stones
 H - 7 atropa-tipped darts
 R - a throwing net
Armour
 m - +0 acid dragon scales (worn)
 t - a +2 pair of boots of flying
 B - a +1 hat of magic resistance (worn)
 L - a +0 cloak (worn)
 U - a +2 pair of boots of running (worn)
 V - a +0 buckler (worn)
Jewellery
 k - an amulet of guardian spirit (around neck)
 v - an uncursed ring of resist corrosion
 w - a +6 ring of strength (right hand)
 O - a +4 ring of protection
 Z - a ring of protection from magic (left hand)
Wands
 C - a wand of disintegration (6)
 D - a wand of flame (57)
 K - a wand of iceblast (1)
 N - a wand of digging (9)
 P - a wand of clouds (4)
 Q - a wand of acid (13)
Scrolls
 g - a scroll of enchant weapon {unknown}
 h - 3 scrolls of magic mapping
 n - 12 scrolls of teleportation
 s - 2 scrolls of immolation
 u - 10 scrolls of remove curse
 E - 2 scrolls of fear
 I - 3 scrolls of blinking
 J - 4 scrolls of fog
 W - 3 scrolls of identify
 Y - 2 scrolls of enchant armour
Potions
 i - 2 potions of ambrosia
 j - 4 potions of heal wounds
 l - a potion of invisibility
 o - 2 potions of flight
 z - 2 potions of haste
 A - 8 potions of curing
Miscellaneous
 G - a box of beasts
 T - a phantom mirror
 X - a phial of floods


   Skills:
 + Level 10.0 Fighting
 - Level 7.3 Short Blades
 + Level 6.5 Throwing
 + Level 8.9 Armour
 + Level 1.4 Dodging
 - Level 5.8 Stealth
 + Level 6.0 Shields
 + Level 11.3 Unarmed Combat
 + Level 5.6 Spellcasting
 + Level 0.4 Hexes
 - Level 6.4 Necromancy
 + Level 0.2 Translocations
 + Level 1.5 Transmutations
 + Level 0.2 Earth Magic
 - Level 7.4 Invocations
 + Level 5.2 Evocations


You had 5 spell levels left.
You knew the following spells:

 Your Spells              Type           Power        Failure   Level  Hunger
a - Tukima's Dance        Hex            #.......     47%         3    N/A
c - Confusing Touch       Hex            #.......     47%         3    N/A
d - Animate Dead          Necr           N/A          16%         4    N/A
p - Passwall              Tmut/Erth      #.......     22%         2    N/A
q - Blink                 Tloc           N/A          30%         2    N/A
r - Lee's Rapid Deconstr  Erth           #.........   99%         5    N/A

Your spell library contained the following spells:

 Spells                   Type           Power        Failure   Level  Hunger
 Animate Skeleton         Necr           N/A          1%          1    N/A
 Pain                     Necr           ###.         1%          1    N/A
 Vampiric Draining        Necr           ###.......   4%          3    N/A
 Beastly Appendage        Tmut           #.....       12%         1    N/A
 Sticks to Snakes         Tmut           #.......     17%         2    N/A
 Corona                   Hex            #......      19%         1    N/A
 Sandblast                Erth           #.....       21%         1    N/A
 Foxfire                  Conj/Fire      #...         22%         1    N/A
 Freeze                   Ice            #...         22%         1    N/A
 Magic Dart               Conj           #...         22%         1    N/A
 Summon Small Mammal      Summ           #...         22%         1    N/A
 Slow                     Hex            #.......     26%         2    N/A
 Ensorcelled Hibernation  Hex/Ice        #.....       30%         2    N/A
 Call Imp                 Summ           #.......     32%         2    N/A
 Agony                    Necr           ###.....     38%         5    N/A
 Spider Form              Tmut/Pois      #.........   43%         3    N/A
 Dazzling Flash           Conj/Hex       #.....       52%         3    N/A
 Inner Flame              Hex/Fire       #.......     52%         3    N/A
 Stone Arrow              Conj/Erth      #.....       52%         3    N/A
 Summon Guardian Golem    Hex/Summ       #.......     52%         3    N/A
 Call Canine Familiar     Summ           #.......     54%         3    N/A
 Conjure Flame            Conj/Fire      #.......     54%         3    N/A
 Frozen Ramparts          Ice            #.....       54%         3    N/A
 Mephitic Cloud           Conj/Pois/Air  #.......     54%         3    N/A
 Ozocubu's Armour         Chrm/Ice       #.......     54%         3    N/A
 Static Discharge         Conj/Air       #.......     54%         3    N/A
 Ice Form                 Ice/Tmut       #.......     83%         4    N/A
 Petrify                  Tmut/Erth      #.......     83%         4    N/A
 Hailstorm                Conj/Ice       #.......     91%         4    N/A
 Sticky Flame             Conj/Fire      #.......     91%         4    N/A
 Summon Ice Beast         Ice/Summ       #.......     91%         4    N/A
 Summon Lightning Spire   Summ/Air       #.......     91%         4    N/A
 Blade Hands              Tmut           #.........   97%         5    N/A
 Fireball                 Conj/Fire      #.........   99%         5    N/A
 Lightning Bolt           Conj/Air       #.........   99%         5    N/A
 Ignition                 Fire           #.........   100%        8    N/A
 Shatter                  Erth           #.........   100%        9    N/A
 Tornado                  Air            #.........   100%        9    N/A

Dungeon Overview and Level Annotations

Branches:
Dungeon (12/15)            Temple (1/1) D:6            Lair (6/6) D:9
  Swamp (0/4) Lair:4        Snake (0/4) Lair:2        Slime (0/5) Lair:5
    Orc (0/2) D:12         Bailey (visited)

Altars:
Cheibriados
Elyvilon
Kikubaaqudgha
Makhleb
Ru
Trog
Xom
Yredelemnul
Zin
The Shining One
Jiyva

Shops:
D:4 *   D:5 (   D:10 (   D:11 *

Annotations:
D:12 2 runed translucent doors
Lair:3 1 runed translucent door
Lair:4 1 runed translucent door, Zaegoraum's ghost, journeyman DsAK


Innate Abilities, Weirdness & Mutations

You do not eat.
You do not regenerate when monsters are visible.
You are frail without blood (-20% HP).
You can heal yourself when you bite living creatures.
You are immune to poison.
You have razor-sharp teeth.
You have supernaturally acute eyesight. (SInv)
You can survive without breathing.


Message History

* * * LOW HITPOINT WARNING * * *
You hit the freezing wraith but do no damage.
You bite the freezing wraith, but do no damage.
The freezing wraith is heavily damaged.
The freezing wraith misses you. The freezing wraith closely misses you.
The freezing wraith barely misses you. You block the freezing wraith's attack.
Unknown command.
You completely miss the freezing wraith.
The freezing wraith is heavily damaged.
The freezing wraith hits you!
* * * LOW HITPOINT WARNING * * *
The freezing wraith freezes you. You resist.
* * * LOW HITPOINT WARNING * * *
The freezing wraith hits you but does no damage.
You hit the freezing wraith.
The freezing wraith is severely damaged.
The freezing wraith hits you!
* * * LOW HITPOINT WARNING * * *
The freezing wraith freezes you. You resist.
You die...

# #.# #..### ##.
##.###.# #..# # ###..
#......# ##.# #
....##..##..# #.# # .
........##..### ### #
#.. #..##..##..#.#####
#
#...#.................
#
#.....W##..##..#######
#......@........#
###.#..######.### #.#
#.# ## #.# #.# ###


You could see a freezing wraith.

Vanquished Creatures
  Jorgrun (D:12)
  Rupert (Lair:3)
  Gastronok (Lair:2)
  Kirke (Lair:4)
  A dire elephant (Lair:6)
  Snorg (D:10)
  A great orb of eyes (shapeshifter) (D:12)
  A rakshasa (D:12)
  6 hydras
  Fannar (Lair:2)
  Erica (D:10)
  A merfolk avatar (Lair:6)
  3 death yaks (Lair:5)
  An unseen horror (D:10)
  A harpy (Lair:6)
  An orc knight (Bailey)
  A necromancer (Lair:2)
  A deep elf mage (D:11)
  2 manticores (Lair:6)
  3 elephants
  Joseph (D:9)
  Psyche (D:11)
  5 black mambas
  14 spiny frogs
  2 rime drakes
  12 komodo dragons
  A tengu conjurer (D:10)
  A troll (D:11)
  A wind drake (Lair:6)
  5 polar bears
  A bog body (Lair:4)
  5 hippogriffs
  17 blink frogs
  A meliai zombie (D:12)
  A shadow (D:12)
  5 wyverns
  3 wraiths (D:12)
  2 basilisks
  28 yaks
  2 hogs (Lair:4)
  Grum (D:11)
  An acid dragon (D:12)
  A naga (Lair:2)
  A warg (D:11)
  11 water moccasins
  5 porcupines
  A sky beast (D:9)
  An eye of draining (D:10)
  11 orc warriors
  An ice beast (D:5)
  4 black bears
  A necrophage (D:5)
  2 phantoms
  2 ogres
  8 wolves
  2 centaurs (D:9)
  19 crocodiles
  7 bullfrogs
  A wyvern skeleton (D:7)
  6 jellies
  5 scorpions
  4 wights (D:11)
  6 crimson imps
  A centaur zombie (D:10)
  A bullfrog skeleton (D:4)
  2 centaur skeletons
  A gnoll shaman (D:9)
  9 orc priests
  2 quasits
  6 hounds
  17 orc wizards
  Jessica (D:3)
  5 iguanas
  2 polar bear simulacra (Lair:2)
  5 worker ants
  3 worker ant zombies
  17 gnolls
  8 adders
  4 shadow imps
  An ooze (D:5)
  An adder zombie (D:6)
  An adder skeleton (D:10)
  2 worms
  4 dart slugs
  2 leopard geckos
  42 orcs
  5 giant cockroaches
  10 goblins
  7 hobgoblins
  28 jackals
  3 quokkas
  3 bats (D:1)
  8 frilled lizards
  26 kobolds
  A leopard gecko skeleton (D:4)
  3 quokka zombies
  10 rats
  A plant (Lair:4)
481 creatures vanquished.

Vanquished Creatures (others)
  4 humans (Lair:4)
  17 fungi
  14 plants
35 creatures vanquished.

Grand Total: 516 creatures vanquished

Notes
Turn   | Place    | Note
-------+----------+-------------------------------------------
     0 | D:1      | bonscott the Vampire Assassin began the quest for the Orb.
     0 | D:1      | Reached XP level 1. HP: 16/16 MP: 1/1
   247 | D:1      | Reached XP level 2. HP: 22/22 MP: 2/2
   256 | D:1      | Reached skill level 1 in Unarmed Combat
   536 | D:2      | Reached skill level 1 in Armour
   663 | D:2      | Reached XP level 3. HP: 14/28 MP: 3/3
  1013 | D:2      | Found a shimmering altar of Xom.
  1111 | D:2      | Reached skill level 2 in Unarmed Combat
  1160 | D:3      | Reached XP level 4. HP: 15/27 MP: 4/4
  1888 | D:3      | Noticed Jessica
  1926 | D:3      | Killed Jessica
  2250 | D:3      | Reached XP level 5. HP: 16/32 MP: 5/5
  2434 | D:3      | Reached skill level 3 in Unarmed Combat
  2903 | D:3      | Reached XP level 6. HP: 14/37 MP: 6/6
  3103 | D:4      | Found Garch's General Store.
  3824 | D:4      | Reached skill level 4 in Unarmed Combat
  4207 | D:5      | Entered Level 5 of the Dungeon
  4255 | D:5      | Reached XP level 7. HP: 36/43 MP: 7/7
  4994 | D:5      | Found Oniroqil's Antique Weapon Shoppe.
  4997 | D:5      | Reached skill level 5 in Unarmed Combat
  5393 | D:5      | Found a burning altar of Makhleb.
  5393 | D:5      | Noticed a cacodemon
  5396 | D:5      | Noticed a ynoxinul
  5396 | D:5      | Noticed a hellwing
  5398 | D:5      | Became a worshipper of Makhleb the Destroyer
  5558 | D:4      | Bought 16 poisoned darts for 70 gold pieces
  5558 | D:4      | Bought a scroll of fear for 38 gold pieces
  5558 | D:4      | Bought a scroll of teleportation for 33 gold pieces
  5558 | D:4      | Bought a box of beasts for 220 gold pieces
  5734 | D:6      | Reached XP level 8. HP: 48/48 MP: 8/8
  5939 | D:6      | Found a bloodstained altar of Trog.
  6206 | D:6      | Reached skill level 1 in Invocations
  6269 | D:6      | Reached skill level 5 in Fighting
  6434 | D:6      | Found a staircase to the Ecumenical Temple.
  6468 | Temple   | Entered the Ecumenical Temple
  6703 | D:6      | Found a white marble altar of Elyvilon.
  6703 | D:6      | Found a basalt altar of Yredelemnul.
  6708 | D:6      | Found a faded altar of an unknown god.
  6710 | D:6      | Found a faded altar of an unknown god.
  6711 | D:6      | Found an ancient bone altar of Kikubaaqudgha.
  7404 | D:7      | Found a glowing golden altar of the Shining One.
  7681 | D:7      | Found a sacrificial altar of Ru.
  7720 | D:7      | Found a snail-covered altar of Cheibriados.
  7744 | D:7      | Reached skill level 6 in Unarmed Combat
  8143 | D:8      | Got a fine dagger
  8147 | D:8      | Identified the +7 dagger "Ucuklikh" {drain, +Fly rElec rC+
                  | Str+2} (You found it on level 8 of the Dungeon)
  8536 | D:8      | Learned a level 4 spell: Animate Dead
  8586 | D:8      | Reached * piety under Makhleb
  8874 | D:9      | Noticed Joseph
  8881 | D:9      | Killed Joseph
  8881 | D:9      | Reached XP level 9. HP: 45/55 MP: 9/11
  9181 | D:9      | Reached skill level 5 in Armour
  9263 | D:9      | Reached skill level 7 in Unarmed Combat
  9571 | D:9      | Reached ** piety under Makhleb
  9814 | D:9      | Reached XP level 10. HP: 52/61 MP: 13/13
  9937 | D:9      | Reached skill level 5 in Short Blades
 10232 | D:9      | Found a staircase to the Lair.
 10242 | D:9      | Reached skill level 5 in Throwing
 10431 | D:10     | Entered Level 10 of the Dungeon
 10431 | D:10     | Found Poup's Antique Weapon Emporium.
 10469 | D:10     | Noticed Erica
 10491 | D:10     | Killed Erica
 10545 | D:10     | Noticed Snorg
 10553 | D:10     | Killed Snorg
 10553 | D:10     | Reached skill level 8 in Unarmed Combat
 10752 | D:10     | Bought a crystal long sword for 238 gold pieces
 10753 | D:10     | Identified the cursed +3 long sword of Charity {drain,
                  | Str+5 Dex-2 SInv} (You bought it in a shop on level 10 of
                  | the Dungeon)
 10756 | D:10     | Bought a runed fustibalus for 504 gold pieces
 10769 | D:10     | Noticed an unseen horror
 10801 | D:10     | Reached skill level 5 in Invocations
 10834 | D:10     | Killed an unseen horror
 10930 | D:10     | Reached *** piety under Makhleb
 11031 | D:11     | Noticed Grum
 11200 | D:11     | Killed Grum
 11256 | D:11     | Found a flagged portal.
 11267 | Bailey   | Entered a bailey
 11456 | Bailey   | Noticed an orc knight
 11461 | Bailey   | Killed an orc knight
 11461 | Bailey   | Reached XP level 11. HP: 67/67 MP: 14/14
 11744 | Bailey   | Identified a +0 pair of boots of running (You found it in a
                  | bailey)
 11870 | D:11     | Found Jiliheij's General Store.
 11914 | D:11     | Reached **** piety under Makhleb
 12585 | D:11     | Bought a wand of iceblast (8) for 144 gold pieces
 12585 | D:11     | Bought a wand of disintegration (9) for 156 gold pieces
 12707 | Lair:1   | Entered Level 1 of the Lair of Beasts
 12923 | Lair:1   | Reached skill level 9 in Unarmed Combat
 13118 | Lair:1   | Reached skill level 1 in Shields
 13340 | Lair:1   | Noticed a four-headed hydra
 13360 | Lair:1   | Killed a one-headed hydra
 14001 | Lair:2   | Reached skill level 1 in Necromancy
 14148 | Lair:2   | Reached skill level 1 in Spellcasting
 14154 | Lair:2   | Noticed an eight-headed hydra
 14170 | Lair:2   | Killed a four-headed hydra
 14170 | Lair:2   | Reached XP level 12. HP: 65/74 MP: 16/16
 14199 | Lair:2   | Noticed a seven-headed hydra
 14216 | Lair:2   | Killed a four-headed hydra
 14395 | Lair:2   | Noticed Fannar
 14402 | Lair:2   | Found a staircase to the Snake Pit.
 14437 | Lair:2   | Killed Fannar
 14555 | Lair:2   | Noticed Gastronok
 14575 | Lair:2   | Killed Gastronok
 14575 | Lair:2   | Reached skill level 1 in Evocations
 15470 | Lair:3   | Found a runed translucent door.
 15515 | Lair:3   | Noticed Rupert
 15540 | Lair:3   | Killed Rupert
 15540 | Lair:3   | Reached skill level 10 in Unarmed Combat
 15960 | Lair:4   | Found a runed translucent door.
 15960 | Lair:4   | Noticed an anaconda
 15961 | Lair:4   | Found a staircase to the Swamp.
 16061 | Lair:4   | Noticed Kirke
 16096 | Lair:4   | Killed Kirke
 16210 | Lair:4   | Reached ***** piety under Makhleb
 16594 | Lair:4   | Reached XP level 13. HP: 80/80 MP: 18/18
 17127 | Lair:4   | Noticed Zaegoraum's ghost (journeyman DsAK)
 17412 | Lair:5   | Found a viscous altar of Jiyva.
 17412 | Lair:5   | Found a staircase to the Slime Pits.
 18116 | Lair:6   | Entered Level 6 of the Lair of Beasts
 18620 | Lair:6   | Reached skill level 5 in Necromancy
 18983 | Lair:5   | Reached skill level 5 in Shields
 20456 | Lair:6   | Reached skill level 11 in Unarmed Combat
 20456 | Lair:6   | Reached skill level 5 in Spellcasting
 21040 | Lair:6   | Reached XP level 14. HP: 87/87 MP: 17/21
 21361 | Lair:6   | Identified the ring of Xiunoum {SInv Stlth+} (You found it
                  | on level 6 of the Lair of Beasts)
 21623 | D:12     | Noticed Jorgrun
 21730 | D:12     | Reached ****** piety under Makhleb
 21863 | D:12     | Noticed Psyche
 22070 | D:11     | Cast into level 1 of the Abyss (Psyche)
 22077 | Abyss:1  | Learned a level 2 spell: Passwall
 22078 | Abyss:1  | Found a runed translucent door.
 22103 | Abyss:1  | Noticed a starcursed mass
 22106 | D:11     | Escaped the Abyss
 22114 | D:11     | Killed Psyche
 22159 | D:12     | Killed Jorgrun
 22159 | D:12     | Reached skill level 1 in Transmutations
 22159 | D:12     | Reached skill level 5 in Evocations
 22263 | D:12     | Reached skill level 10 in Fighting
 22477 | D:12     | Learned a level 2 spell: Blink
 22505 | D:12     | Learned a level 3 spell: Confusing Touch
 22511 | D:12     | Learned a level 5 spell: Lee's Rapid Deconstruction
 22515 | D:12     | Learned a level 3 spell: Tukima's Dance
 23220 | D:12     | Noticed a frost giant
 23236 | D:12     | a frost giant changed into a great orb of eyes
 23396 | D:12     | Found a staircase to the Orcish Mines.
 23420 | D:12     | Found a large runed translucent door.
 23421 | D:12     | Found a large runed translucent door.
 23504 | D:12     | HP: 2/88 [freezing wraith (7)]
 23504 | D:12     | Slain by a freezing wraith

Illustrated notes

Levels and vault maps discovered:
D:1:      dpeg_arrival_round_c, layout_basic
D:2:      layout_basic, overflow_temple_1_default
D:3:      layout_loops_cross, uniq_jessica
D:4:      layout_rooms, serial_shops, shop, minivault_25, serial_bayou_pond_d,
          hangedman_abyss_or_decor_jellyfish_corner
D:5:      minmay_bubble_buster, layout_loops_corners, makhleb_altar_promises_db,
          nicolae_ossuary_entry_ruins, first_ration, serial_shops,
          nicolae_shop_stone
D:6:      layout_basic, chequers_temple_overflow_minitemple,
          minmay_temple_entry_wispy, basic_altar
D:7:      layout_loops_corners, cheibriados_altar_1, hangedman_ru_absence,
          nicolae_tso_swordbearing_angel
D:8:      layout_loops_ring
D:9:      minmay_goldmine, layout_loops_ring, grunt_lair_entry_orc_guard_hut,
          serial_rivers, chequers_serial_rivers_micro_b,
          chequers_serial_rivers_room_b, chequers_serial_rivers_small_a,
          chequers_serial_rivers_micro_c, chequers_serial_rivers_micro_b,
          chequers_serial_rivers_small_3, uniq_joseph
D:10:     layout_roguey, serial_shops, shop, grunt_tengu_nest, uniq_snorg,
          uniq_erica
D:11:     layout_roguey, serial_shops, nicolae_shop_stone, enter_bailey_2,
          st_stairs_12, uniq_grum
D:12:     layout_basic, david_orc_3, jmf_multi_god_temple2, uniq_jorgrun,
          uniq_psyche
Temple:   regret_index_temple_waves
Lair:1:   layout_layer_cave
Lair:2:   layout_roguey, guppyfry_snake_entry_garden, eino_house_with_fridge,
          uniq_fannar, uniq_gastronok
Lair:3:   gammafunk_mikee_crab_dinner, layout_loops_ring, grunt_megastairs_5,
          uniq_rupert
Lair:4:   layout_small_grid, skrybe_swamp_entry_bodies,
          ebering_ghost_inner_flame, beast_lair_carwin_9, uniq_kirke
Lair:5:   layout_roguey, slime_altar_1, chequers_serial_rivers_small_a,
          st_stairs_8
Lair:6:   gammafunk_lair_ancient_temple, layout_big_grid, serial_bayou_shore_b

Skill      XL: |  1  2  3  4  5  6  7  8  9 10 11 12 13 14 |
---------------+-------------------------------------------+-----
Fighting       | 2 3 4 5 6 7 8 9 10 | 10.0
Unarmed Combat | 1 2 3 4 5 6 7 8 9 10 11 | 11.3
Armour         | 1 2 3 4 5 6 7 8 |  8.9
Throwing       | 2 4 5 6 |  6.5
Invocations    | 2 4 5 6 7 |  7.4
Short Blades   | 3 4 6 7 |  7.3
Shields        | 2 4 5 6 |  6.0
Necromancy     | 1 4 6 |  6.4
Spellcasting   | 1 3 5 |  5.6
Evocations     | 2 4 5 |  5.2
Transmutations | 1 |  1.5
Dodging        | |  1.4
Stealth        | |  5.8
Hexes          | |  0.4
Translocations | |  0.2
Earth Magic    | |  0.2

Action                   |  1- 3 |  4- 6 |  7- 9 | 10-12 | 13-15 || total
-------------------------+-------+-------+-------+-------+-------++-------
Melee: Dagger            |    83 |   140 |   223 |   677 |   699 ||  1822
       Bite              |     3 |    23 |    39 |   102 |   151 ||   318
       Punch             |       |     7 |     8 |    16 |       ||    31
       Unarmed           |       |    66 |   161 |       |    33 ||   260
       Scimitar          |       |       |       |    22 |    22 ||    44
 Fire: Hunting sling     |       |       |    12 |    12 |       ||    24
       Fustibalus        |       |       |       |    90 |    11 ||   101
Throw: Dart              |    15 |    27 |    35 |    57 |    96 ||   230
       Stone             |     2 |    14 |    30 |     4 |    24 ||    74
       Boomerang         |       |    14 |     8 |    53 |   130 ||   205
       Throwing net      |       |       |       |     2 |     2 ||     4
 Abil: Exsanguinate      |     1 |       |       |       |       ||     1
Evoke: Wand              |       |       |       |    10 |    13 ||    23
  Use: Scroll            |     3 |     6 |     8 |     8 |     5 ||    30
       Potion            |       |       |       |     4 |     1 ||     5
 Stab: Sleeping          |    14 |    10 |    24 |    24 |     4 ||    76
       Distracted        |       |     1 |       |     1 |       ||     2
       Held in net/web   |       |       |       |     1 |     1 ||     2
Armor: Robe              |     5 |       |       |       |       ||     5
       Ring mail         |    11 |    72 |   111 |   200 |   240 ||   634
       Acid dragon scale |       |       |       |       |    19 ||    19
Dodge: Dodged            |    30 |    96 |   161 |   314 |   289 ||   890
Block: Buckler           |       |       |       |    47 |   149 ||   196
       Rpst.: Scimitar   |       |       |       |     3 |     1 ||     4
